 Dungeon Sprint DCSS version 0.31-a0-7-g51783674b7 (webtiles) character file.

Game seed: 3474153278431269041

438 sircluck the Fighter (level 7, -3/30 (70) HPs)
             Began as a Hill Orc Fighter on May 5, 2023.
             Was an Initiate of Nemelex Xobeh.
             Slain by Sonja
             ... wielding a +2 dagger of draining
              (5 damage)
             ... in the Dungeon (Sprint I: "Red Sonja").
             The game lasted 00:01:19 (365 turns).

sircluck the Fighter (Hill Orc Fighter)              Turns: 365, Time: 00:01:20

HP:   -3/30 (70)    AC:  8    Str: 21    XL:     7   Next: 1%
MP:   7/7           EV: 10    Int:  8    God:    Nemelex Xobeh [......]
Gold: 192           SH:  6    Dex: 10    Spells: 6/6 levels left

rFire   . . .        a - +0 war axe
rCold   . . .        c - +0 buckler
rNeg    . . .        b - +0 scale mail
rPois   .            (no helmet)
rElec   .            (no cloak)
rCorr   .            (no gloves)
SInv    .            (no boots)
Will    .....        (no amulet) Stlth
                     (no ring)
HPRegen 0.25/turn    (no ring)
MPRegen 0.10/turn

%: no teleportation
@: on berserk cooldown, slowed, extremely drained, very slow
A: no striking features
a: Renounce Religion, Draw Escape, Draw Destruction, Draw Summoning


You were in the Dungeon.
You worshipped Nemelex Xobeh.
Nemelex Xobeh was noncommittal.
You visited 1 branch You collected 297 gold pieces.
You spent 105 gold pieces at shops.

Inventory:

Hand Weapons
 a - a +0 war axe (weapon)
Armour
 b - a +0 scale mail (worn)
 c - a +0 buckler (worn)
Wands
 k - a wand of roots (6)
Scrolls
 j - a scroll of blinking
 l - a scroll of magic mapping {unknown}
 m - a scroll of identify {unknown}
 n - a scroll of enchant armour
Potions
 d - a potion of might
 g - a potion of haste
 h - 2 potions of magic
 i - a potion of berserk rage


   Skills:
 + Level 9.6 Fighting
 + Level 8.3 Axes
 + Level 9.1 Armour
 + Level 1.0 Dodging
 + Level 8.7 Shields
 + Level 1.0 Evocations


You had 6 spell levels left.
You didn't know any spells.
Your spell library was empty.

Dungeon Overview and Level Annotations

Branches:
Dungeon (1/1)

Altars:
Cheibriados
Dithmenos
Elyvilon
Fedhas
Gozag
Hepliaklqana
Kikubaaqudgha
Nemelex Xobeh
Okawaru
Qazlal
Ru
Sif Muna
Trog
Uskayaw
Vehumet
Wu Jian
Yredelemnul
Zin
The Shining One

Shops:
D ?

Annotations:
D Sonja


Message History

You completely miss Sonja.
You feel sick.
Sonja mumbles some strange words.
Sonja blinks!
Sonja gestures wildly while chanting.
Sonja blinks!
You feel sick.
Sonja mumbles some strange words.
Sonja blinks!
You feel a strong urge to attack something.
You feel sick.
Sonja hits you with a +2 dagger of draining.
You feel drained. Sonja hits you but does no damage.
You feel drained. Sonja hits you but does no damage.
You feel drained.
There is an open door, spattered with blood here.
You barely miss Sonja.
You feel sick. Sonja hits you but does no damage.
You feel drained.
Sonja hits you with a +2 dagger of draining.
* * * LOW HITPOINT WARNING * * *
You feel drained.
* * * LOW HITPOINT WARNING * * *
Sonja barely misses you.
Sonja shouts, "Too slow!"
You block Sonja's attack. Sonja hits you but does no damage.
You feel drained. Sonja closely misses you.
Sonja hits you with a +2 dagger of draining.
* * * LOW HITPOINT WARNING * * *
You feel drained.
* * * LOW HITPOINT WARNING * * *
Sonja misses you. Sonja hits you but does no damage.
You feel drained.
You closely miss Sonja.
You are no longer berserk.
You are exhausted.
You feel as though you will be slow longer.
* * * LOW HITPOINT WARNING * * *
You feel sick.
You are no longer poisoned.
Sonja misses you.
Sonja hits you with a +2 dagger of draining.
You die...
Your body disappears without a glow.

#<.#.)').#..'..#
#..'..#..)..#..+
#..#####'#####'#
#..####..#...#.#
#..#__####..##)#
#..#_____##'#_.+
#⌠⌠#_.∩...'..._#
####_..__##_K#'#
#_____###@#.#
#########.###
+$.$+ #$.$#
##.## #+#


You could see Sonja (fast).

Vanquished Creatures
  Sigmund (D)
  A yak (D)
  An ogre (D)
  A jelly (D)
  Ijyb (D)
5 creatures vanquished.

Notes
Turn   | Place    | Note
-------+----------+-------------------------------------------
     0 | D        | sircluck the Hill Orc Fighter began the quest for the Orb.
     0 | D        | Reached XP level 1. HP: 19/19 MP: 1/1
     1 | D        | Noticed Ijyb
    10 | D        | Killed Ijyb
    11 | D        | Reached skill level 5 in Fighting
    11 | D        | Reached XP level 2. HP: 12/29 MP: 2/2
    11 | D        | Reached XP level 3. HP: 15/36 MP: 3/3
    92 | D        | Noticed an ogre
    96 | D        | Killed an ogre
    97 | D        | Reached skill level 5 in Axes
    97 | D        | Reached XP level 4. HP: 21/45 MP: 4/4
   100 | D        | Noticed Sigmund
   117 | D        | Killed Sigmund
   118 | D        | Reached XP level 5. HP: 17/56 MP: 5/5
   118 | D        | Reached XP level 6. HP: 19/62 MP: 6/6
   139 | D        | Found an ornate altar of the Wu Jian Council.
   139 | D        | Found a shimmering blue altar of Sif Muna.
   260 | D        | Found a radiant altar of Vehumet.
   299 | D        | Found Task's Magic Scroll Emporium.
   299 | D        | Found an ancient bone altar of Kikubaaqudgha.
   299 | D        | Found a hazy altar of Hepliaklqana.
   299 | D        | Found a stormy altar of Qazlal.
   299 | D        | Found a hide-covered altar of Uskayaw.
   299 | D        | Found a blossoming altar of Fedhas.
   299 | D        | Found a bloodstained altar of Trog.
   299 | D        | Found an iron altar of Okawaru.
   299 | D        | Found a basalt altar of Yredelemnul.
   299 | D        | Found a glowing golden altar of the Shining One.
   299 | D        | Found a snail-covered altar of Cheibriados.
   299 | D        | Found a sacrificial altar of Ru.
   299 | D        | Found a glowing silver altar of Zin.
   299 | D        | Found a shadowy altar of Dithmenos.
   299 | D        | Found a white marble altar of Elyvilon.
   299 | D        | Noticed a yak
   307 | D        | Killed a yak
   308 | D        | Reached skill level 1 in Dodging
   308 | D        | Reached skill level 1 in Evocations
   308 | D        | Reached XP level 7. HP: 59/70 MP: 7/7
   308 | D        | Found an opulent altar of Gozag.
   309 | D        | Found a sparkling altar of Nemelex Xobeh.
   313 | D        | Bought a scroll of enchant armour for 105 gold pieces
   317 | D        | Became a worshipper of Nemelex Xobeh the Trickster
   348 | D        | Noticed Sonja
   365 | D        | Slain by Sonja

Illustrated notes

Levels and vault maps discovered:
D:        dungeon_sprint_1 [red_sonja_temple_1, red_sonja_temple_small_1]

Skill      XL: |  1  2  3  4  5  6 |
---------------+-------------------+-----
Fighting       | 5 6 8 9 |  9.6
Axes           | 3 5 6 8 |  8.3
Armour         | 4 6 8 9 |  9.1
Shields        | 4 6 7 8 |  8.7
Dodging        | 1 |  1.0
Evocations     | 1 |  1.0

Action                     |  1- 3 |  4- 6 |  7- 9 || total
---------------------------+-------+-------+-------++-------
  Melee: War axe           |     9 |    19 |     8 ||    36
  Evoke: Wand              |     1 |     1 |       ||     2
    Use: Potion            |       |       |     3 ||     3
 Armour: Scale mail        |     2 |     6 |    15 ||    23
  Dodge: Dodged            |     5 |     7 |    18 ||    30
  Block: Buckler           |     1 |     2 |    10 ||    13

Table legend: (Time is in decaauts)
 A = Elapsed time spent in this place.
 B = Non-inter-level travel time spent in this place.
 C = Inter-level travel time spent in this place.
 D = Time resting spent in this place.
 E = Time spent auto-exploring this place.
 F = Levels seen in this place.
 G = Mean time per level.
                   A        B        C        D        E       F      G
               +--------+--------+--------+--------+--------+-----+--------+
         Total |    375 |    375 |      0 |    118 |    111 |   1 |  375.0 |
       Dungeon |    375 |    375 |      0 |    118 |    111 |   1 |  375.0 |
               +--------+--------+--------+--------+--------+-----+--------+

Top non-repeatable levels by time:
       D: 375 daAuts
